 Dungeon Crawl Stone Soup version 0.29-a0-322-g68df515428 (webtiles) character file.

Game seed: 13475525967373023903

7 Leszczynek the Chopper (level 2, -1/22 HPs)
             Began as a Human Gladiator on Apr 8, 2022.
             Slain by a goblin
             ... wielding a +0 hand axe
              (5 damage)
             ... on level 1 of the Dungeon.
             The game lasted 00:01:00 (70 turns).

Leszczynek the Chopper (Human Gladiator)              Turns: 70, Time: 00:01:00

Health: -1/22      AC:  6    Str: 14    XL:     2   Next: 5%
Magic:  2/2        EV: 11    Int:  8    God:
Gold:   0          SH:  0    Dex: 14    Spells: 1/1 levels left

rFire   . . .      SeeInvis .   a - +0 war axe
rCold   . . .      Faith    .   (no shield)
rNeg    . . .      Spirit   .   f - +0 ring mail
rPois   .          Reflect  .   c - +0 helmet
rElec   .          Harm     .   (no cloak)
rCorr   .          Rampage  .   (no gloves)
Will    .....                   (no boots)
Stlth   +.........              (no amulet)
HPRegen 0.07/turn               (no ring)
MPRegen 0.08/turn               (no ring)

@: no status effects
A: no striking features
a: no special abilities


You were on level 1 of the Dungeon.
You visited 1 branch of the dungeon, and saw 1 of its levels.

Inventory:

Hand Weapons
 a - a +0 war axe (weapon)
Missiles
 d - 3 throwing nets (quivered)
Armour
 b - a +0 leather armour
 c - a +0 helmet (worn)
 f - a +0 ring mail (worn)
Scrolls
 g - a scroll of immolation {unknown}


   Skills:
 * Level 2.2 Fighting
 * Level 3.1 Axes
 + Level 2.1 Throwing
 + Level 3.0 Dodging


You had one spell level left.
You didn't know any spells.
Your spell library was empty.

Dungeon Overview and Level Annotations

Branches:
Dungeon (1/15)

Altars:


Message History

The bat barely misses you. The endoplasm freezes you.
You are frozen.
A goblin comes into view. It is wielding a +0 hand axe.
The endoplasm closely misses you.
Throw: javelin
Press: ? - help, Q - select action, (/) - cycle Shift-Dir - straight line, f - endoplasm
Aim: an endoplasm (heavily wounded, 86% to hit)
You throw a javelin.
The javelin pierces through the endoplasm.
The endoplasm is severely wounded.
The javelin pierces through the quokka!
You kill the quokka!
The javelin closely misses the bat.
The bat closely misses you. The endoplasm closely misses you.
Unknown command.
You barely miss the endoplasm.
The endoplasm is severely wounded.
The bat hits you but does no damage. The endoplasm freezes you.
You are frozen.
The endoplasm freezes you.
You are frozen.
* * * LOW HITPOINT WARNING * * *
Unknown command.
You hit the endoplasm.
You kill the endoplasm!
You closely miss the bat. The bat barely misses you. The bat hits you.
* * * LOW HITPOINT WARNING * * *
The bat hits you but does no damage. The bat barely misses you.
You have reached level 2!
You barely miss the bat. You hit the bat. The bat hits you.
* * * LOW HITPOINT WARNING * * *
The bat barely misses you. The bat hits you but does no damage.
Unknown command.
Unknown command.
You hit the bat.
You kill the bat!
The bat barely misses you. The goblin hits you with a +0 hand axe.
You die...

.. .(........#
.# #.......# .#
#.......########
.#
#..†............
.#
#............##
.#
##.####......[#
.######.#
#.....#.#
.......>#
#.....#.#.###
.######.#
#....@gg..... .#
#.#
#.##.####.#.# .#
#.# .....b. .##
#.#...$...## ..#
#.........# #'#
##........# #.#
..##.#### #.###
#. .<..#


You could see a hobgoblin, a goblin and a bat.

Vanquished Creatures
  A bat (D:1)
  An endoplasm (D:1)
  A giant cockroach (D:1)
  A hobgoblin (D:1)
  2 quokkas (D:1)
6 creatures vanquished.

Notes
Turn   | Place    | Note
-------+----------+-------------------------------------------
     0 | D:1      | Leszczynek the Human Gladiator began the quest for the Orb.
     0 | D:1      | Reached XP level 1. HP: 16/16 MP: 1/1
    68 | D:1      | HP: 3/16 [bat (1)]
    69 | D:1      | Reached XP level 2. HP: 5/22 MP: 2/2
    70 | D:1      | Slain by a goblin

Illustrated notes

Levels and vault maps discovered:
D:1:      shiori_shiawase, layout_basic, minmay_pentomino_q4

Action                   || total
-------------------------++-------
Melee: War axe           ||    16
Throw: Javelin           ||     1
Armor: Ring mail         ||     7
Dodge: Dodged            ||    18

Table legend: (Time is in decaauts)
 A = Elapsed time spent in this place.
 B = Non-inter-level travel time spent in this place.
 C = Inter-level travel time spent in this place.
 D = Time resting spent in this place.
 E = Time spent auto-exploring this place.
 F = Levels seen in this place.
 G = Mean time per level.
                   A        B        C        D        E       F      G
               +--------+--------+--------+--------+--------+-----+--------+
         Total |     75 |     75 |      0 |      0 |      0 |   1 |   75.0 |
       Dungeon |     75 |     75 |      0 |      0 |      0 |   1 |   75.0 |
               +--------+--------+--------+--------+--------+-----+--------+

Top non-repeatable levels by time:
     D:1: 75 daAuts
